PA
KENT COMETS @ EUGENE VANDALS
09/01/2042
 
TOP OF THE 1ST
Kent Comets batting - Pitching for Eugene Vandals : RHP Juan Salas
Pitching: RHP Juan Salas
Batting: RHB Brian Matthews 0-0: Called Strike
0-1: Ball
1-1: Called Strike
1-2: Ball
2-2: Ground out 6-3 (Groundball, 6, EV 100.0 MPH)
Batting: RHB Ramón Suzuarregui 0-0: Called Strike
0-1: Ball
1-1: Fly out, F8 (Flyball, 78S, EV 90.0 MPH)
Batting: RHB Jai-guo Tian 0-0: Called Strike
0-1: DOUBLE (Flyball, 9LD, EV 97.5 MPH)
Batting: LHB Jorge Hernández 0-0: Called Strike
0-1: Swinging Strike
0-2: Strikes out swinging
Top of the 1st over - 0 runs, 1 hit, 0 errors, 1 left on base; Kent 0 - Eugene 0
BOTTOM OF THE 1ST
Eugene Vandals batting - Pitching for Kent Comets : RHP Billy Hansen
Pitching: RHP Billy Hansen
Batting: RHB Noud Baggerman 0-0: Called Strike
0-1: Foul Ball, location: 2F
0-2: Ground out 6-3 (Groundball, 6, EV 105.0 MPH)
Batting: RHB Edgar Rodríguez 0-0: Called Strike
0-1: Ball
1-1: Foul Ball, location: 2F
1-2: SINGLE (Line Drive, 9S, EV 92.5 MPH)
Batting: RHB Ángel Júlio 0-0: Called Strike
0-1: Foul Ball, location: 2F
0-2: Grounds into double play, 6-4-3 (Groundball, 6, EV 78.1 MPH)
Bottom of the 1st over - 0 runs, 1 hit, 0 errors, 0 left on base; Kent 0 - Eugene 0
TOP OF THE 2ND
Kent Comets batting - Pitching for Eugene Vandals : RHP Juan Salas
Batting: RHB Raúl Rosa 0-0: Ball
1-0: Ball
2-0: Ball
3-0: Called Strike
3-1: Called Strike
3-2: Strikes out looking
Batting: RHB Jacob Gray 0-0: Swinging Strike
0-1: Called Strike
0-2: Ball
1-2: Strikes out swinging
Batting: RHB John Jackson 0-0: Called Strike
0-1: Ball
1-1: SINGLE (Groundball, 34D, EV 102.5 MPH)
Batting: LHB Bobby O'Kennedy 0-0: Ball
1-0: Ball
2-0: Fly out, F9 (Flyball, 9, EV 87.5 MPH)
Top of the 2nd over - 0 runs, 1 hit, 0 errors, 1 left on base; Kent 0 - Eugene 0
BOTTOM OF THE 2ND
Eugene Vandals batting - Pitching for Kent Comets : RHP Billy Hansen
Batting: RHB Adrián Serrano 0-0: Ball
1-0: Ball
2-0: Foul Ball, location: 2F
2-1: Foul Ball, location: 2F
2-2: Fly out, F9 (Flyball, 9S, EV 90.6 MPH)
Batting: RHB Ken Francis 0-0: Ball
1-0: Called Strike
1-1: Swinging Strike
1-2: Ball
2-2: Strikes out swinging
Batting: RHB Luis Ibáńez 0-0: Ball
1-0: Called Strike
1-1: Ball
2-1: Ball
3-1: Foul Ball, location: 2F
3-2: Foul Ball, location: 2F
3-2: Foul Ball, location: 2F
3-2: Strikes out swinging
Bottom of the 2nd over - 0 runs, 0 hits, 0 errors, 0 left on base; Kent 0 - Eugene 0
TOP OF THE 3RD
Kent Comets batting - Pitching for Eugene Vandals : RHP Juan Salas
Batting: RHB Zhao-ji Pan 0-0: Ball
1-0: Swinging Strike
1-1: Ball
2-1: Foul Ball, location: 2F
2-2: Strikes out swinging
Batting: RHB Brian Matthews 0-0: Ball
1-0: Ball
2-0: Foul Ball, location: 2F
2-1: Foul Ball, location: 2F
2-2: Strikes out swinging
Batting: RHB Ramón Suzuarregui 0-0: Called Strike
0-1: Ball
1-1: Ball
2-1: Called Strike
2-2: Ball
3-2: Foul Ball, location: 2F
3-2: Foul Ball, location: 2F
3-2: Foul Ball, location: 2F
3-2: Strikes out looking
Top of the 3rd over - 0 runs, 0 hits, 0 errors, 0 left on base; Kent 0 - Eugene 0
BOTTOM OF THE 3RD
Eugene Vandals batting - Pitching for Kent Comets : RHP Billy Hansen
Batting: RHB Johnny Schultz 0-0: Ball
1-0: Ball
2-0: Called Strike
2-1: Ball
3-1: Called Strike
3-2: Strikes out swinging
Batting: RHB Tim Jarvis 0-0: SINGLE (Groundball, 6MD, EV 94.4 MPH)
Batting: RHB Will Ross 0-0: Ball
1-0: Called Strike
1-1: Foul Ball, location: 2F
1-2: Ball
2-2: Ball
3-2: Fielders Choice at 2nd, 6-4 (Groundball, 6, EV 86.9 MPH)
Batting: RHB Noud Baggerman 0-0: Called Strike
0-1: Fly out, F4 (Popup, 4M, EV 60.0 MPH)
Bottom of the 3rd over - 0 runs, 1 hit, 0 errors, 1 left on base; Kent 0 - Eugene 0
TOP OF THE 4TH
Kent Comets batting - Pitching for Eugene Vandals : RHP Juan Salas
Batting: RHB Jai-guo Tian 0-0: Ground out U3 (Groundball, 3L, EV 95.0 MPH)
Batting: LHB Jorge Hernández 0-0: Ball
1-0: Ball
2-0: Ball
3-0: Base on Balls
Batting: RHB Raúl Rosa 0-0: SINGLE (Groundball, 6MD, EV 99.4 MPH)
Jorge Hernández to second
Batting: RHB Jacob Gray 0-0: Ball
1-0: Foul Ball, location: 2F
1-1: Foul Ball, location: 2F
1-2: Fielders Choice at 2nd, 1-6 (Groundball, 13S, EV 60.6 MPH)
Jorge Hernández to third
Batting: RHB John Jackson 0-0: Fly out, F5 (Popup, 5SF, EV 84.4 MPH)
Top of the 4th over - 0 runs, 1 hit, 0 errors, 2 left on base; Kent 0 - Eugene 0
BOTTOM OF THE 4TH
Eugene Vandals batting - Pitching for Kent Comets : RHP Billy Hansen
Batting: RHB Edgar Rodríguez 0-0: Ball
1-0: Foul Ball, location: 2F
1-1: Ground out 5-3 (Groundball, 56, EV 99.4 MPH)
Batting: RHB Ángel Júlio 0-0: Foul Ball, location: 2F
0-1: Fly out, F7 (Flyball, 7S, EV 93.1 MPH)
Batting: RHB Adrián Serrano 0-0: Ball
1-0: Ground out 1-3 (Groundball, 15, EV 75.6 MPH)
Bottom of the 4th over - 0 runs, 0 hits, 0 errors, 0 left on base; Kent 0 - Eugene 0
TOP OF THE 5TH
Kent Comets batting - Pitching for Eugene Vandals : RHP Juan Salas
Batting: LHB Bobby O'Kennedy 0-0: Ball
1-0: Ball
2-0: Ball
3-0: Called Strike
3-1: Foul Ball, location: 2F
3-2: Ground out 6-3 (Groundball, 6M, EV 98.1 MPH)
Batting: RHB Zhao-ji Pan 0-0: Called Strike
0-1: Ball
1-1: SINGLE (Line Drive, 4D, EV 98.1 MPH)
Batting: RHB Brian Matthews 0-0: Fly out, F7 (Line Drive, 7, EV 95.0 MPH)
Batting: RHB Ramón Suzuarregui 0-0: Ball
1-0: Foul Ball, location: 2F
1-1: Ball
2-1: Foul Ball, location: 2F
2-2: Strikes out looking
Top of the 5th over - 0 runs, 1 hit, 0 errors, 1 left on base; Kent 0 - Eugene 0
BOTTOM OF THE 5TH
Eugene Vandals batting - Pitching for Kent Comets : RHP Billy Hansen
Batting: RHB Ken Francis 0-0: Ball
1-0: Foul Ball, location: 2F
1-1: Ball
2-1: Foul Ball, location: 2F
2-2: Strikes out swinging
Batting: RHB Luis Ibáńez 0-0: Called Strike
0-1: Ground out 5-3 (Groundball, 56S, EV 64.4 MPH)
Batting: RHB Johnny Schultz 0-0: Fly out, F7 (Line Drive, 7S, EV 96.2 MPH)
Bottom of the 5th over - 0 runs, 0 hits, 0 errors, 0 left on base; Kent 0 - Eugene 0
TOP OF THE 6TH
Kent Comets batting - Pitching for Eugene Vandals : RHP Juan Salas
Batting: RHB Jai-guo Tian 0-0: Called Strike
0-1: Ball
1-1: Foul Ball, location: 2F
1-2: Ball
2-2: Fly out, F8 (Flyball, 89D, EV 96.9 MPH)
Batting: LHB Jorge Hernández 0-0: Called Strike
0-1: Ground out 1-3 (Groundball, 34S, EV 65.0 MPH)
Batting: RHB Raúl Rosa 0-0: Fly out, F9 (Flyball, 9LD, EV 101.9 MPH)
Top of the 6th over - 0 runs, 0 hits, 0 errors, 0 left on base; Kent 0 - Eugene 0
BOTTOM OF THE 6TH
Eugene Vandals batting - Pitching for Kent Comets : RHP Billy Hansen
Batting: RHB Tim Jarvis 0-0: Called Strike
0-1: Called Strike
0-2: Strikes out swinging
Batting: RHB Will Ross 0-0: Swinging Strike
0-1: Ball
1-1: Fly out, F8 (Flyball, 78D, EV 85.6 MPH)
Batting: RHB Noud Baggerman 0-0: Called Strike
0-1: Foul Ball, location: 2F
0-2: Ball
1-2: Strikes out swinging
Bottom of the 6th over - 0 runs, 0 hits, 0 errors, 0 left on base; Kent 0 - Eugene 0
TOP OF THE 7TH
Kent Comets batting - Pitching for Eugene Vandals : RHP Juan Salas
Batting: RHB Jacob Gray 0-0: Foul Ball, location: 2F
0-1: Foul Ball, location: 2F
0-2: Ball
1-2: Ball
2-2: Ball
3-2: Ground out 6-3 (Groundball, 6D, EV 76.9 MPH)
Batting: RHB John Jackson 0-0: Ground out 5-3 (Groundball, 5, EV 110.0 MPH)
Batting: LHB Bobby O'Kennedy 0-0: Called Strike
0-1: Fly out, F7 (Line Drive, 7, EV 92.5 MPH)
Top of the 7th over - 0 runs, 0 hits, 0 errors, 0 left on base; Kent 0 - Eugene 0
BOTTOM OF THE 7TH
Eugene Vandals batting - Pitching for Kent Comets : RHP Billy Hansen
Batting: RHB Edgar Rodríguez 0-0: Ball
1-0: Called Strike
1-1: Ball
2-1: Ball
3-1: Fly out, F8 (Line Drive, 8RM, EV 86.9 MPH)
Batting: RHB Ángel Júlio 0-0: Ground out 6-3 (Groundball, 6S, EV 63.1 MPH)
Batting: RHB Adrián Serrano 0-0: Foul Ball, location: 2F
0-1: Ball
1-1: Foul Ball, location: 2F
1-2: Ball
2-2: Ball
3-2: Foul Ball, location: 2F
3-2: Base on Balls
Batting: RHB Ken Francis 0-0: Called Strike
0-1: Ball
1-1: Ground out 6-3 (Groundball, 56D, EV 100.0 MPH)
Bottom of the 7th over - 0 runs, 0 hits, 0 errors, 1 left on base; Kent 0 - Eugene 0
TOP OF THE 8TH
Kent Comets batting - Pitching for Eugene Vandals : RHP Juan Salas
Batting: RHB Zhao-ji Pan 0-0: Called Strike
0-1: Fly out, F7 (Flyball, 7, EV 90.6 MPH)
Batting: RHB Brian Matthews 0-0: Ground out 6-3 (Groundball, 4MS, EV 86.9 MPH)
Batting: RHB Ramón Suzuarregui 0-0: Swinging Strike
0-1: Ball
1-1: Ball
2-1: SINGLE (Groundball, 6D, EV 105.6 MPH)
Batting: RHB Jai-guo Tian 0-0: Ball
1-0: Ball
2-0: Foul Ball, location: 2F
2-1: Ball
3-1: Called Strike
3-2: Strikes out swinging
Top of the 8th over - 0 runs, 1 hit, 0 errors, 1 left on base; Kent 0 - Eugene 0
BOTTOM OF THE 8TH
Eugene Vandals batting - Pitching for Kent Comets : RHP Billy Hansen
Batting: RHB Luis Ibáńez 0-0: Called Strike
0-1: Fly out, F8 (Line Drive, 8RM, EV 93.1 MPH)
Batting: RHB Johnny Schultz 0-0: Ball
1-0: SINGLE (Flyball, 7LS, EV 85.6 MPH)
Batting: RHB Tim Jarvis 0-0: Ball
1-0: Sac Bunt to 15 - play at first, batter OUT! 1-4
Johnny Schultz to second
Batting: RHB Will Ross 0-0: Ball
1-0: Foul Ball, location: 2F
1-1: Swinging Strike
1-2: Foul Ball, location: 2F
1-2: Ball
2-2: Ball
3-2: Foul Ball, location: 2F
3-2: Strikes out looking
Bottom of the 8th over - 0 runs, 1 hit, 0 errors, 1 left on base; Kent 0 - Eugene 0
TOP OF THE 9TH
Kent Comets batting - Pitching for Eugene Vandals : RHP Juan Salas
Batting: LHB Jorge Hernández 0-0: Called Strike
0-1: SINGLE (Flyball, 78S, EV 87.5 MPH)
Pitching: LHP Richello Dosono
Batting: RHB Raúl Rosa 0-0: Ball
1-0: Ball
2-0: Called Strike
2-1: Swinging Strike
2-2: DOUBLE (Flyball, 89D, EV 95.6 MPH)
Jorge Hernández to third
Batting: RHB Jacob Gray 0-0: Ball
1-0: Ball
2-0: Ball
3-0: Called Strike
3-1: Swinging Strike
3-2: Foul Ball, location: 2F
3-2: Base on Balls
Batting: RHB John Jackson 0-0: Swinging Strike
0-1: Ball
1-1: Swinging Strike
1-2: Ball
2-2: Strikes out swinging
Pinch Hitting: RHB Wessel Dekkers 0-0: Fly out, F7 (Flyball, 7S, EV 81.9 MPH)
Batting: RHB Zhao-ji Pan 0-0: Ball
1-0: Foul Ball, location: 2F
1-1: Called Strike
1-2: Ball
2-2: Foul Ball, location: 2F
2-2: Foul Ball, location: 2F
2-2: Strikes out swinging
Top of the 9th over - 0 runs, 2 hits, 0 errors, 3 left on base; Kent 0 - Eugene 0
BOTTOM OF THE 9TH
Eugene Vandals batting - Pitching for Kent Comets : RHP Billy Hansen
Pitching: RHP António del Pozo
Now in LF: Wessel Dekkers
Batting: RHB Noud Baggerman 0-0: Foul Ball, location: 2F
0-1: Foul Ball, location: 2F
0-2: Ground out 6-3 (Groundball, 6, EV 85.0 MPH)
Batting: RHB Edgar Rodríguez 0-0: Ball
1-0: Ball
2-0: Called Strike
2-1: Foul Ball, location: 2F
2-2: Strikes out looking
Batting: RHB Ángel Júlio 0-0: Foul Ball, location: 2F
0-1: Swinging Strike
0-2: SOLO HOME RUN (Flyball, 7D, EV 91.9 MPH), Distance : 405 ft
Friday, March 26th, 2021 - OOTP Baseball 20.8 Build 74